 Dungeon Crawl Stone Soup version 0.28.0-49-g6dfe1f597d (webtiles) character file.

Game seed: 16702873302665479465

305 klau3 the Chopper (level 6, 0/56 HPs)
             Began as a Minotaur Berserker on May 15, 2022.
             Was a Believer of Trog.
             Slain by an ogre
             ... wielding a +0 giant spiked club
              (18 damage)
             ... on level 4 of the Dungeon.
             The game lasted 00:06:09 (2525 turns).

klau3 the Chopper (Minotaur Berserker)              Turns: 2525, Time: 00:06:10

Health: 0/56       AC: 13    Str: 24    XL:     6   Next: 15%
Magic:  5/5        EV:  7    Int:  4    God:    Trog [**....]
Gold:   160        SH:  0    Dex:  9    Spells: 5/5 levels left

rFire   . . .      SeeInvis .   a - +0 hand axe
rCold   . . .      Faith    .   (no shield)
rNeg    . . .      Spirit   .   j - +0 plate armour
rPois   .          Reflect  .   (helmet restricted)
rElec   .          Harm     .   (no cloak)
rCorr   .          Rampage  .   (no gloves)
Will    .....                   i - +0 pair of boots
Stlth   ..........              (no amulet)
HPRegen 0.18/turn               (no ring)
MPRegen 0.09/turn               (no ring)

@: on berserk cooldown, slowed, very slow
A: horns 2, retaliatory headbutt
a: Renounce Religion, Berserk, Trog's Hand


You were on level 4 of the Dungeon.
You worshipped Trog.
Trog was pleased with you.
You visited 1 branch of the dungeon, and saw 4 of its levels.

You collected 160 gold pieces.

Inventory:

Hand Weapons
 a - a +0 hand axe (weapon)
 c - a +0 triple crossbow
Missiles
 u - a throwing net (quivered)
Armour
 b - a +0 animal skin
 i - a +0 pair of boots (worn)
 j - a +0 plate armour (worn)
 v - a +0 buckler
 w - a +2 helmet
Jewellery
 k - a ring of ice
 m - a ring of flight
 o - a ring of magical power
 s - a +6 ring of dexterity
 t - an amulet of guardian spirit
Wands
 p - a wand of iceblast (6)
Scrolls
 d - a scroll of brand weapon {unknown}
 g - a scroll of enchant armour {unknown}
 q - 2 scrolls of identify {unknown}
 r - a scroll of teleportation {unknown}
Potions
 e - 2 potions of berserk rage {unknown}
 f - a potion of mutation {unknown}
 h - a potion of flight {unknown}
 l - a potion of attraction {unknown}
 n - 3 potions of magic {unknown}


   Skills:
 + Level 5.2 Fighting
 + Level 5.6 Axes
 + Level 4.0 Armour
 + Level 3.5 Dodging
 + Level 0.8 Stealth


You had 5 spell levels left.
You didn't know any spells.
Your spell library was empty.

Dungeon Overview and Level Annotations

Branches:
Dungeon (4/15)
 Temple: D:4-7

Altars:
Cheibriados
Dithmenos
Elyvilon
Vehumet


Innate Abilities, Weirdness & Mutations

You have a pair of horns on your head.
You reflexively headbutt those who attack you in melee.


Message History

You feel your anger nearly subside.
You are no longer berserk.
You are exhausted.
You feel yourself slow down.
The giant cockroach waves its antennae.
An adder skeleton comes into view.
The giant cockroach barely misses you.
The giant cockroach completely misses you.
You furiously retaliate!
You headbutt the giant cockroach.
You kill the giant cockroach!
Trog accepts your kill.
You hit the adder skeleton.
The adder skeleton is lightly damaged.
The adder skeleton bites you but does no damage.
You barely miss the adder skeleton.
The adder skeleton is lightly damaged.
The adder skeleton barely misses you. You furiously retaliate!
You headbutt the adder skeleton. The adder skeleton bites you.
You hit the adder skeleton.
The adder skeleton is heavily damaged.
The adder skeleton bites you but does no damage.
The adder skeleton barely misses you.
You barely miss the adder skeleton. You headbutt the adder skeleton.
The adder skeleton is severely damaged.
The adder skeleton bites you but does no damage. x2
You hit the adder skeleton.
You destroy the adder skeleton!
Trog accepts your kill.
You see here a giant cockroach corpse.
An ogre comes into view. It is wielding a +0 giant spiked club.
The ogre hits you with a +0 giant spiked club!!
Ouch! That really hurt!
Aiming: Iceblast
Press: ? - help, Q - select action, (/) - cycle Shift-Dir - straight line, f - ogre
Aim: an ogre, wielding a +0 giant spiked club That beam is likely to hit you.
Continue anyway?
The mass of ice explodes!
The iceblast engulfs the ogre!
The ogre is heavily wounded.
The iceblast engulfs you!
The ogre hits you with a +0 giant spiked club!!
You die...

#..## #.#.# # #...#
#.#.# ..
#.#.###.#.###.##
.#####.#..##.#.......
#...................>#
#..####..†#.#....#.#.
+.........#......#.#
#.......#.##.....#.#
#..####@#.##...†.#.#
#O#.###....#.#####
#.#...............
....####..##.#####
....# #..##.# .....#
##.##.#### ####.
####..#....#
........#....#
......#†...#


You could see an ogre.

Vanquished Creatures
  Menkaure (D:4)
  A bullfrog (D:3)
  5 adders
  An adder skeleton (D:4)
  A dart slug (D:2)
  3 orcs (D:3)
  8 bats
  4 endoplasms
  4 giant cockroaches
  3 goblins
  4 hobgoblins
  4 quokkas
  8 ball pythons
  6 frilled lizards
  8 kobolds
  5 rats
66 creatures vanquished.

Vanquished Creatures (others)
  3 plants (D:1)
3 creatures vanquished.

Grand Total: 69 creatures vanquished

Notes
Turn   | Place    | Note
-------+----------+-------------------------------------------
     0 | D:1      | klau3 the Minotaur Berserker began the quest for the Orb.
     0 | D:1      | Reached XP level 1. HP: 19/19 MP: 0/0
    16 | D:1      | Found a faded altar of an unknown god.
   303 | D:1      | Reached XP level 2. HP: 23/27 MP: 1/1
   847 | D:2      | Found a shadowy altar of Dithmenos.
   856 | D:2      | Reached XP level 3. HP: 23/34 MP: 2/2
  1255 | D:2      | Reached ** piety under Trog
  1637 | D:3      | Found a radiant altar of Vehumet.
  1644 | D:3      | Reached XP level 4. HP: 39/39 MP: 3/3
  1800 | D:3      | Noticed a bullfrog
  1813 | D:3      | Killed a bullfrog
  1814 | D:3      | Reached skill level 5 in Axes
  1814 | D:3      | Reached XP level 5. HP: 41/47 MP: 4/4
  1950 | D:3      | Found a white marble altar of Elyvilon.
  2076 | D:3      | Found a snail-covered altar of Cheibriados.
  2196 | D:3      | Reached skill level 5 in Fighting
  2501 | D:4      | Noticed Menkaure
  2509 | D:4      | Killed Menkaure
  2510 | D:4      | Reached XP level 6. HP: 56/56 MP: 5/5
  2525 | D:4      | Slain by an ogre

Illustrated notes

Levels and vault maps discovered:
D:1:      wheals_arrival_shading, layout_rooms, serial_bayou,
          serial_bayou_pond_e, serial_bayou_lake_a, serial_bayou_crossing,
          serial_bayou_pond_c, chequers_ecumenical_altar_simple_redux,
          amcnicky_mini_rare_corridor_liquid
D:2:      layout_rooms, basic_altar
D:3:      layout_basic, old_standard_altar, mainiacjoe_overflow_large_starburst,
          minmay_misc_feat_tower, minmay_misc_feat_cross, corner_web_ring,
          st_stairs_12
D:4:      layout_basic, lightli_ossuary_entry_decrepit_ruins, minivault_4,
          uniq_menkaure, uniq_duvessa

Skill      XL: |  1  2  3  4  5 |
---------------+----------------+-----
Fighting       | 4 5 |  5.2
Axes           | 4 5 |  5.6
Armour         | 3 4 |  4.0
Dodging        | 3 |  3.5
Stealth        | |  0.8

Action                   |  1- 3 |  4- 6 || total
-------------------------+-------+-------++-------
Melee: Hand axe          |    64 |    45 ||   109
       Headbutt          |    12 |     7 ||    19
Invok: Berserk           |     1 |     2 ||     3
Evoke: Wand              |       |     1 ||     1
 Stab: Sleeping          |     1 |       ||     1
Armor: Animal skin       |     9 |       ||     9
       Plate armour      |    12 |    30 ||    42
Dodge: Dodged            |    60 |    21 ||    81
